AoeStats
← Warcanoe

African Clearing

506718950Analyzed
2v2 RM · 17d ago on Sep 14, 2026· 22m 55s· 4 players
Game mode
Random Map
Map size
Medium (4 player)
Population
200
Speed
Normal
Resources
Standard
Victory
Conquest
Starting age
Dark Age
Ending age
Imperial Age
RankedLock teamsTeams togetherTeam positionsShared explorationLock speedFull tech treeHidden civsTurbo modeCheats
Victory
Defeat
🇺🇸 Japanese · United States
1329
+12
🇺🇸 Mongols · United States
1320
+13
1271
-13
🇨🇭 Persians · Switzerland
1234
-12
Lancero Estepario del Iberá
12:50 Feudal Age
14:02 Double-Bit Axe
19:10 Castle Age
19:00 Bloodlines
18:56 Scale Barding Armor
18:33 Horse Collar
20:32 Loom
Warcanoe
5:26 Loom
13:43 Feudal Age
Edward Teach
12:52 Feudal Age
13:40 Double-Bit Axe
14:15 Loom
16:31 Castle Age
15:00 Fletching
18:03 Bow Saw
17:49 Bodkin Arrow
19:37 Town Watch
19:34 Horse Collar
22:15 Gold Mining
turb0surge
10:12 Loom
12:49 Feudal Age
13:43 Town Watch
16:21 Castle Age
15:14 Double-Bit Axe
21:45 Fletching
22:48 Horse Collar
Connection lost

Rejoining the realm…

Still unreachable

The connection could not be restored.

Session expired

The server has moved on; the page needs a fresh start.